[ AOE2 MATCH · #477111520 ]
UnrankedSlavs vs Bohemians
Player's team · WIN
[ REPLAY ANALYSIS · EXTRACTED FROM THE RECORDED GAME ]
Feudal
—
Castle
—
Imperial
—
| APM avg | 26.8 |
| APM peak | 46 |
| eAPM avg | 16.1 |
| Villagers / military | 0 / 729 |
Focus
⚔️ 96.2% · 🌾 3.8%
Spearman ×729
Feudal
—
Castle
—
Imperial
—
| APM avg | 22.7 |
| APM peak | 47 |
| eAPM avg | 7.8 |
| Villagers / military | 0 / 0 |
Focus
⚔️ 99.5% · 🌾 0.5%
Feudal
—
Castle
—
Imperial
—
| APM avg | 64.5 |
| APM peak | 94 |
| eAPM avg | 49.9 |
| Villagers / military | 0 / 970 |
Focus
⚔️ 97.5% · 🌾 2.5%
Knight ×650 · Cavalry Archer ×213 · Hand Cannoneer ×107
Feudal
—
Castle
—
Imperial
—
| APM avg | 36.7 |
| APM peak | 74 |
| eAPM avg | 27.0 |
| Villagers / military | 0 / 1494 |
Focus
⚔️ 92.5% · 🌾 7.5%
Archer ×680 · Spearman ×274 · Knight ×233 · Skirmisher ×184 · Battle Elephant ×123
Feudal
—
Castle
—
Imperial
—
| APM avg | 14.4 |
| APM peak | 30 |
| eAPM avg | 4.0 |
| Villagers / military | 0 / 78 |
Focus
⚔️ 83.3% · 🌾 16.7%
Spearman ×78
Feudal
—
Castle
—
Imperial
—
| APM avg | 30.9 |
| APM peak | 64 |
| eAPM avg | 14.0 |
| Villagers / military | 0 / 1063 |
Focus
⚔️ 92.4% · 🌾 7.6%
Knight ×723 · Archer ×340
Feudal
—
Castle
—
Imperial
—
| APM avg | 34.7 |
| APM peak | 57 |
| eAPM avg | 17.7 |
| Villagers / military | 0 / 640 |
Focus
⚔️ 91.7% · 🌾 8.3%
Knight ×455 · Cavalry Archer ×120 · Battle Elephant ×65
Feudal
—
Castle
—
Imperial
—
| APM avg | 15.3 |
| APM peak | 35 |
| eAPM avg | 3.2 |
| Villagers / military | 0 / 0 |
Focus
⚔️ 97.0% · 🌾 3.0%
Match map
Initial resources + every placement click. Lines = walls · curves = elevation contours. ◆ gold · ⬟ stone · ● berries · ✦ relic · ◌ wall gap
Your base· Open
Aster's base· Open
Burberry's base· Open
Ozarus's base· ✓ Map-separated
Julaz's base· Open
The R286's base· ✓ Map-separated
Revontheus's base· Open
I don't give a fúck's base· Open
Smoothed initial terrain · ◌ = detected wall gap · hover for details
Inputs per minute
— MozartMI7 - - Aster
Build order — MozartMI7
First 150 of 191 actions detected
| 13:24 | Build | Barracks |
| 13:25 | Build | Barracks |
| 13:27 | Build | Barracks |
| 13:28 | Build | Barracks |
| 13:41 | Build | Barracks |
| 13:42 | Build | Barracks |
| 13:44 | Build | Barracks |
| 13:46 | Build | Barracks |
| 13:50 | Build | Barracks |
| 13:52 | Build | Barracks |
| 13:53 | Build | Barracks |
| 13:55 | Build | Barracks |
| 16:05 | Research | Pikeman (upgrade) |
| 16:06 | Research | Squires |
| 16:07 | Research | Long Swordsman (upgrade) |
| 16:26 | Research | Tech 455 |
| 16:32 | Research | Ballistics |
| 16:33 | Research | Guard Tower (upgrade) |
| 16:36 | Research | Chain Mail Armor |
| 16:36 | Research | Leather Archer Armor |
| 16:37 | Research | Bodkin Arrow |
| 16:37 | Research | Iron Casting |
| 17:05 | Create | Spearman ×5 |
| 17:06 | Create | Spearman ×5 |
| 17:06 | Create | Spearman ×5 |
| 17:06 | Create | Spearman ×5 |
| 17:06 | Create | Spearman ×5 |
| 17:07 | Create | Spearman ×5 |
| 17:07 | Create | Spearman ×5 |
| 17:07 | Create | Spearman ×5 |
| 17:07 | Create | Spearman ×5 |
| 17:08 | Create | Spearman ×5 |
| 17:35 | Create | Spearman ×3 |
| 17:35 | Create | Spearman ×3 |
| 17:35 | Create | Spearman ×3 |
| 18:07 | Create | Spearman ×5 |
| 18:07 | Create | Spearman ×5 |
| 18:07 | Create | Spearman ×5 |
| 18:08 | Create | Spearman ×5 |
| 18:08 | Create | Spearman ×5 |
| 18:08 | Create | Spearman ×4 |
| 18:35 | Create | Spearman ×5 |
| 18:35 | Create | Spearman ×5 |
| 18:36 | Create | Spearman |
| 18:36 | Create | Spearman |
| 19:11 | Create | Spearman ×5 |
| 19:11 | Create | Spearman ×5 |
| 19:12 | Create | Spearman ×5 |
| 19:12 | Create | Spearman ×5 |
| 19:12 | Create | Spearman ×5 |
| 19:12 | Create | Spearman ×5 |
| 19:13 | Create | Spearman ×5 |
| 19:13 | Create | Spearman ×5 |
| 19:13 | Create | Spearman ×5 |
| 19:13 | Create | Spearman ×5 |
| 19:14 | Create | Spearman ×5 |
| 19:14 | Create | Spearman ×5 |
| 19:14 | Create | Spearman ×5 |
| 19:15 | Create | Spearman ×5 |
| 19:15 | Create | Spearman ×5 |
| 19:15 | Create | Spearman ×5 |
| 19:16 | Create | Spearman ×5 |
| 20:15 | Create | Spearman ×5 |
| 20:15 | Create | Spearman ×5 |
| 20:16 | Create | Spearman ×5 |
| 20:16 | Create | Spearman ×5 |
| 20:16 | Create | Spearman ×5 |
| 20:16 | Create | Spearman ×5 |
| 20:17 | Create | Spearman ×5 |
| 20:17 | Create | Spearman |
| 20:17 | Create | Spearman ×2 |
| 22:29 | Build | Barracks |
| 22:32 | Build | Barracks |
| 22:33 | Build | Barracks |
| 22:36 | Build | Barracks |
| 22:38 | Build | Barracks |
| 23:25 | Create | Spearman ×5 |
| 23:26 | Create | Spearman ×5 |
| 23:26 | Create | Spearman ×5 |
| 23:26 | Create | Spearman ×5 |
| 23:27 | Create | Spearman ×5 |
| 23:27 | Create | Spearman ×5 |
| 23:27 | Create | Spearman ×5 |
| 23:27 | Create | Spearman ×5 |
| 23:28 | Create | Spearman ×5 |
| 23:28 | Create | Spearman ×5 |
| 23:28 | Create | Spearman ×5 |
| 23:29 | Create | Spearman ×5 |
| 23:50 | Create | Spearman ×5 |
| 23:50 | Create | Spearman ×5 |
| 23:50 | Create | Spearman ×5 |
| 23:51 | Create | Spearman ×5 |
| 23:51 | Create | Spearman ×5 |
| 23:51 | Create | Spearman ×5 |
| 23:51 | Create | Spearman ×5 |
| 23:52 | Create | Spearman ×5 |
| 23:52 | Create | Spearman ×5 |
| 23:52 | Create | Spearman ×5 |
| 23:53 | Create | Spearman ×5 |
| 23:53 | Create | Spearman ×5 |
| 23:53 | Create | Spearman ×4 |
| 23:59 | Create | Spearman ×5 |
| 23:59 | Create | Spearman ×5 |
| 23:59 | Create | Spearman ×5 |
| 23:59 | Create | Spearman ×5 |
| 24:00 | Create | Spearman ×5 |
| 24:00 | Create | Spearman ×5 |
| 24:00 | Create | Spearman ×5 |
| 24:01 | Create | Spearman ×5 |
| 24:01 | Create | Spearman ×5 |
| 24:01 | Create | Spearman ×5 |
| 24:02 | Create | Spearman ×5 |
| 24:31 | Create | Spearman ×5 |
| 24:31 | Create | Spearman ×5 |
| 24:31 | Create | Spearman ×5 |
| 24:32 | Create | Spearman ×2 |
| 24:32 | Create | Spearman ×2 |
| 25:40 | Create | Spearman ×5 |
| 25:40 | Create | Spearman ×5 |
| 25:41 | Create | Spearman ×5 |
| 25:41 | Create | Spearman ×5 |
| 25:41 | Create | Spearman ×5 |
| 25:41 | Create | Spearman ×5 |
| 25:42 | Create | Spearman ×5 |
| 25:42 | Create | Spearman ×5 |
| 25:42 | Create | Spearman ×5 |
| 25:43 | Create | Spearman ×5 |
| 25:43 | Create | Spearman ×5 |
| 25:43 | Create | Spearman ×5 |
| 25:43 | Create | Spearman ×5 |
| 25:44 | Create | Spearman ×5 |
| 26:06 | Build | Barracks |
| 26:09 | Build | Barracks |
| 26:10 | Build | Barracks |
| 26:12 | Build | Barracks |
| 26:14 | Build | Barracks |
| 26:16 | Build | Barracks |
| 26:17 | Build | Barracks |
| 26:20 | Build | Barracks |
| 26:21 | Build | Barracks |
| 26:28 | Create | Spearman ×5 |
| 26:28 | Create | Spearman ×5 |
| 26:29 | Create | Spearman ×5 |
| 26:29 | Create | Spearman ×5 |
| 26:29 | Create | Spearman ×5 |
| 26:29 | Create | Spearman ×5 |
| 26:30 | Create | Spearman ×2 |
| 26:32 | Create | Spearman |
| 27:30 | Create | Spearman ×5 |
| 27:30 | Create | Spearman ×5 |
Build order — Aster
27 actions detected in the replay
| 13:36 | Research | Wagenburg Tactics |
| 13:39 | Research | Bodkin Arrow |
| 13:40 | Research | Leather Archer Armor |
| 13:41 | Research | Iron Casting |
| 13:42 | Research | Chain Barding Armor |
| 13:43 | Research | Chain Mail Armor |
| 13:46 | Research | Chemistry |
| 13:47 | Research | Ballistics |
| 13:48 | Research | Treadmill Crane |
| 13:48 | Research | Guard Tower (upgrade) |
| 13:49 | Research | Tech 909 |
| 13:50 | Research | Tech 908 |
| 13:50 | Research | Careening |
| 23:14 | Research | Spies/Treason |
| 23:15 | Research | Conscription |
| 23:19 | Research | Elite Hussite Wagon (upgrade) |
| 23:21 | Research | Hussite Reforms |
| 23:21 | Research | Sappers |
| 23:25 | Research | Bracer |
| 23:26 | Research | Ring Archer Armor |
| 23:27 | Research | Blast Furnace |
| 23:28 | Research | Plate Mail Armor |
| 23:30 | Research | Bombard Tower (upgrade) |
| 23:30 | Research | Arrowslits |
| 23:31 | Research | Keep (upgrade) |
| 23:32 | Research | Siege Engineers |
| 23:33 | Research | Tech 910 |
Build order — Burberry
First 150 of 267 actions detected
| 12:24 | Build | Stable |
| 12:25 | Build | Stable |
| 12:26 | Build | Stable |
| 12:27 | Build | Stable |
| 12:32 | Build | Archery Range |
| 12:33 | Build | Archery Range |
| 12:35 | Build | Archery Range |
| 13:11 | Build | Stable |
| 13:13 | Build | Stable |
| 13:13 | Build | Stable |
| 13:15 | Build | Stable |
| 13:19 | Build | Archery Range |
| 13:20 | Build | Archery Range |
| 13:22 | Build | Stable |
| 13:24 | Research | Bloodlines |
| 15:13 | Research | Chain Barding Armor |
| 15:13 | Research | Iron Casting |
| 15:14 | Research | Bodkin Arrow |
| 15:14 | Research | Leather Archer Armor |
| 15:14 | Research | Chain Mail Armor |
| 15:15 | Research | Chain Mail Armor |
| 15:16 | Research | Hill Forts |
| 15:18 | Research | Treadmill Crane |
| 15:18 | Research | Ballistics |
| 15:19 | Research | Guard Tower (upgrade) |
| 15:20 | Research | Tech 908 |
| 15:21 | Research | Careening |
| 15:22 | Research | Husbandry |
| 15:22 | Research | Husbandry |
| 15:23 | Create | Knight ×5 |
| 15:23 | Create | Knight ×5 |
| 15:36 | Create | Cavalry Archer ×5 |
| 15:36 | Create | Cavalry Archer ×5 |
| 15:37 | Create | Cavalry Archer ×5 |
| 15:37 | Create | Cavalry Archer ×5 |
| 15:37 | Create | Cavalry Archer ×5 |
| 15:38 | Create | Cavalry Archer ×5 |
| 15:38 | Create | Cavalry Archer ×5 |
| 15:39 | Create | Cavalry Archer ×5 |
| 15:39 | Create | Cavalry Archer ×5 |
| 15:39 | Create | Cavalry Archer ×5 |
| 15:44 | Research | Thumb Ring |
| 15:45 | Research | Thumb Ring |
| 15:45 | Create | Cavalry Archer ×5 |
| 15:45 | Create | Cavalry Archer ×5 |
| 15:45 | Create | Cavalry Archer ×5 |
| 15:46 | Create | Cavalry Archer ×5 |
| 15:50 | Build | Stable |
| 15:51 | Build | Stable |
| 15:53 | Build | Stable |
| 15:55 | Build | Stable |
| 16:02 | Create | Knight ×5 |
| 16:02 | Create | Knight ×5 |
| 16:02 | Create | Knight ×5 |
| 16:03 | Create | Knight ×5 |
| 16:03 | Create | Knight ×5 |
| 16:03 | Create | Knight ×5 |
| 16:03 | Create | Knight ×5 |
| 16:04 | Create | Knight ×5 |
| 16:04 | Create | Knight ×5 |
| 16:04 | Create | Knight ×5 |
| 16:04 | Create | Knight ×5 |
| 16:05 | Create | Knight ×5 |
| 17:55 | Create | Knight ×5 |
| 17:55 | Create | Knight ×5 |
| 17:56 | Create | Knight ×5 |
| 17:56 | Create | Knight ×5 |
| 17:56 | Create | Knight ×5 |
| 17:56 | Create | Knight ×5 |
| 17:57 | Create | Knight ×5 |
| 18:54 | Create | Knight ×5 |
| 18:54 | Create | Knight ×5 |
| 18:54 | Create | Knight ×5 |
| 18:54 | Create | Knight ×5 |
| 18:55 | Create | Knight ×5 |
| 18:59 | Create | Knight ×5 |
| 19:00 | Create | Knight ×5 |
| 19:01 | Create | Cavalry Archer ×5 |
| 19:01 | Create | Cavalry Archer ×5 |
| 19:02 | Create | Cavalry Archer ×5 |
| 19:02 | Create | Cavalry Archer ×5 |
| 19:02 | Create | Cavalry Archer ×5 |
| 19:03 | Create | Cavalry Archer ×5 |
| 19:03 | Create | Cavalry Archer ×5 |
| 19:09 | Create | Knight ×5 |
| 19:10 | Create | Knight ×5 |
| 19:10 | Create | Knight ×5 |
| 19:10 | Create | Knight ×5 |
| 19:55 | Create | Knight ×5 |
| 19:55 | Create | Knight ×5 |
| 19:55 | Create | Knight ×5 |
| 19:55 | Create | Knight ×5 |
| 19:56 | Create | Knight ×5 |
| 19:56 | Create | Knight ×5 |
| 19:57 | Create | Knight ×5 |
| 19:57 | Create | Knight ×5 |
| 19:57 | Create | Knight ×5 |
| 19:57 | Create | Knight ×5 |
| 19:58 | Create | Knight ×5 |
| 19:58 | Create | Knight ×5 |
| 20:03 | Build | Stable |
| 20:05 | Build | Stable |
| 20:06 | Build | Stable |
| 20:07 | Build | Stable |
| 20:09 | Create | Knight ×5 |
| 20:09 | Create | Knight ×5 |
| 20:10 | Create | Knight ×5 |
| 20:58 | Create | Knight ×5 |
| 20:59 | Create | Knight ×5 |
| 20:59 | Create | Knight ×5 |
| 21:00 | Create | Knight ×5 |
| 21:00 | Create | Knight ×5 |
| 21:00 | Create | Knight ×5 |
| 21:10 | Create | Cavalry Archer ×5 |
| 21:10 | Create | Cavalry Archer ×5 |
| 21:10 | Create | Cavalry Archer ×5 |
| 21:11 | Create | Cavalry Archer ×5 |
| 21:11 | Create | Cavalry Archer ×5 |
| 21:11 | Create | Cavalry Archer ×5 |
| 21:42 | Build | Stable |
| 21:44 | Build | Stable |
| 22:17 | Create | Cavalry Archer |
| 22:18 | Create | Cavalry Archer |
| 22:18 | Create | Cavalry Archer |
| 22:19 | Create | Cavalry Archer |
| 22:24 | Create | Knight ×5 |
| 22:24 | Create | Knight ×5 |
| 22:24 | Create | Knight ×5 |
| 22:39 | Create | Knight ×5 |
| 22:40 | Create | Knight ×5 |
| 22:40 | Create | Knight ×5 |
| 22:51 | Build | Stable |
| 23:15 | Create | Knight ×5 |
| 23:15 | Create | Knight ×5 |
| 23:15 | Create | Knight ×5 |
| 23:16 | Create | Knight ×5 |
| 23:16 | Create | Knight ×5 |
| 23:17 | Create | Knight ×5 |
| 23:17 | Create | Knight ×5 |
| 23:18 | Create | Knight ×5 |
| 23:18 | Create | Knight ×5 |
| 23:19 | Create | Knight ×5 |
| 23:19 | Create | Knight ×5 |
| 23:20 | Create | Cavalry Archer ×5 |
| 23:20 | Create | Cavalry Archer ×5 |
| 23:20 | Create | Cavalry Archer ×5 |
| 23:21 | Create | Cavalry Archer ×5 |
| 23:21 | Create | Cavalry Archer ×3 |
| 24:15 | Build | Stable |
| 24:17 | Build | Stable |
Build order — Ozarus
First 150 of 545 actions detected
| 4:26 | Build | Archery Range |
| 4:35 | Build | Archery Range |
| 4:42 | Build | Archery Range |
| 4:45 | Build | Archery Range |
| 4:47 | Build | Archery Range |
| 4:48 | Build | Archery Range |
| 4:50 | Build | Archery Range |
| 4:52 | Build | Archery Range |
| 5:22 | Build | Archery Range |
| 5:24 | Build | Archery Range |
| 5:26 | Build | Archery Range |
| 6:43 | Research | Thumb Ring |
| 6:44 | Research | Crossbowman (upgrade) |
| 6:45 | Research | Elite Skirmisher (upgrade) |
| 6:53 | Research | Bodkin Arrow |
| 6:54 | Research | Leather Archer Armor |
| 6:57 | Research | Treadmill Crane |
| 6:58 | Research | Ballistics |
| 7:01 | Research | Treadmill Crane |
| 7:02 | Research | Guard Tower (upgrade) |
| 7:03 | Research | Tech 909 |
| 7:04 | Research | Careening |
| 8:00 | Create | Archer |
| 8:02 | Create | Archer |
| 8:02 | Create | Archer |
| 8:03 | Create | Archer ×5 |
| 8:03 | Create | Archer ×5 |
| 8:04 | Create | Archer ×5 |
| 8:04 | Create | Archer ×5 |
| 8:04 | Create | Archer ×5 |
| 8:04 | Create | Archer ×5 |
| 8:05 | Create | Archer ×5 |
| 8:05 | Create | Archer ×5 |
| 8:05 | Create | Archer ×5 |
| 8:05 | Create | Archer ×5 |
| 8:06 | Create | Archer ×5 |
| 8:06 | Create | Archer ×5 |
| 8:06 | Create | Archer ×5 |
| 8:06 | Create | Archer ×5 |
| 8:07 | Create | Archer ×5 |
| 8:07 | Create | Archer ×5 |
| 8:07 | Create | Archer ×5 |
| 8:08 | Create | Archer ×5 |
| 8:08 | Create | Archer ×5 |
| 8:08 | Create | Archer ×5 |
| 8:08 | Create | Archer ×5 |
| 8:09 | Create | Archer ×2 |
| 8:49 | Create | Archer |
| 8:50 | Create | Archer |
| 8:50 | Create | Archer |
| 8:51 | Create | Archer |
| 8:51 | Create | Archer |
| 8:52 | Create | Archer ×5 |
| 8:52 | Create | Archer ×5 |
| 8:52 | Create | Archer ×5 |
| 8:53 | Create | Archer ×5 |
| 8:53 | Create | Archer ×2 |
| 10:14 | Build | Archery Range |
| 10:16 | Build | Archery Range |
| 10:17 | Build | Archery Range |
| 10:19 | Build | Archery Range |
| 10:20 | Build | Archery Range |
| 10:35 | Create | Archer ×5 |
| 10:35 | Create | Archer ×5 |
| 10:35 | Create | Archer ×5 |
| 10:36 | Create | Archer ×5 |
| 10:36 | Create | Archer ×5 |
| 10:37 | Create | Archer ×5 |
| 10:37 | Create | Archer ×5 |
| 10:37 | Create | Archer ×5 |
| 10:38 | Create | Archer ×5 |
| 10:38 | Create | Archer ×5 |
| 10:38 | Create | Archer ×5 |
| 10:38 | Create | Archer ×5 |
| 10:39 | Create | Archer ×5 |
| 10:39 | Create | Archer ×5 |
| 10:39 | Create | Archer ×5 |
| 10:40 | Create | Archer ×5 |
| 10:40 | Create | Archer ×2 |
| 11:15 | Research | Tech 908 |
| 11:31 | Create | Archer |
| 11:32 | Create | Archer |
| 11:32 | Create | Archer ×5 |
| 11:33 | Create | Archer ×5 |
| 11:33 | Create | Archer ×5 |
| 11:33 | Create | Archer ×5 |
| 11:34 | Create | Archer ×5 |
| 11:34 | Create | Archer ×5 |
| 11:34 | Create | Archer ×5 |
| 11:34 | Create | Archer ×5 |
| 11:35 | Create | Archer ×5 |
| 11:35 | Create | Archer ×5 |
| 11:35 | Create | Archer ×5 |
| 12:07 | Create | Archer |
| 12:07 | Create | Archer |
| 12:11 | Build | Archery Range |
| 12:13 | Build | Archery Range |
| 12:21 | Create | Archer ×5 |
| 12:21 | Create | Archer ×5 |
| 12:21 | Create | Archer ×5 |
| 12:22 | Create | Archer ×5 |
| 12:22 | Create | Archer ×5 |
| 12:22 | Create | Archer ×5 |
| 12:22 | Create | Archer ×5 |
| 12:23 | Create | Archer ×5 |
| 13:21 | Create | Archer |
| 13:21 | Create | Archer |
| 13:22 | Create | Archer |
| 13:22 | Create | Archer ×5 |
| 13:23 | Create | Archer ×5 |
| 13:23 | Create | Archer ×5 |
| 13:23 | Create | Archer ×5 |
| 13:24 | Create | Archer ×5 |
| 13:24 | Create | Archer ×5 |
| 13:24 | Create | Archer ×5 |
| 13:24 | Create | Archer ×5 |
| 13:25 | Create | Archer ×5 |
| 13:25 | Create | Archer ×5 |
| 13:25 | Create | Archer ×5 |
| 13:25 | Create | Archer ×5 |
| 13:26 | Create | Archer ×5 |
| 13:26 | Create | Archer ×2 |
| 13:27 | Create | Archer |
| 13:27 | Create | Archer |
| 13:27 | Create | Archer ×2 |
| 14:27 | Build | Stable |
| 14:30 | Build | Stable |
| 14:31 | Build | Stable |
| 15:24 | Create | Archer |
| 15:24 | Create | Archer |
| 15:25 | Create | Archer |
| 15:25 | Create | Archer |
| 15:26 | Create | Archer |
| 15:26 | Create | Archer |
| 15:26 | Create | Archer |
| 15:27 | Create | Archer ×5 |
| 15:28 | Create | Archer ×5 |
| 15:28 | Create | Archer ×5 |
| 15:28 | Create | Archer ×5 |
| 15:28 | Create | Archer ×5 |
| 15:29 | Create | Archer ×5 |
| 15:29 | Create | Archer ×5 |
| 15:30 | Create | Archer ×5 |
| 15:30 | Create | Archer ×5 |
| 15:30 | Create | Archer ×5 |
| 15:31 | Create | Archer ×5 |
| 15:31 | Create | Archer ×5 |
| 15:33 | Research | Husbandry |
| 16:16 | Create | Archer |
| 16:16 | Create | Archer |
Build order — Julaz
31 actions detected in the replay
| 18:58 | Build | Barracks |
| 19:00 | Build | Barracks |
| 19:02 | Build | Barracks |
| 19:06 | Build | Barracks |
| 19:12 | Build | Stone Wall |
| 19:15 | Build | Stone Wall |
| 19:58 | Build | Gate |
| 21:27 | Build | Barracks |
| 22:25 | Build | Gate |
| 22:38 | Build | Stone Wall |
| 23:42 | Build | Watch Tower |
| 23:43 | Build | Watch Tower |
| 23:44 | Build | Watch Tower |
| 24:58 | Build | Barracks |
| 25:00 | Build | Barracks |
| 28:42 | Create | Spearman ×5 |
| 28:42 | Create | Spearman ×5 |
| 28:42 | Create | Spearman ×5 |
| 28:43 | Create | Spearman ×5 |
| 28:43 | Create | Spearman ×5 |
| 28:44 | Create | Spearman ×5 |
| 28:44 | Create | Spearman ×5 |
| 28:44 | Create | Spearman ×5 |
| 28:44 | Create | Spearman ×5 |
| 28:45 | Create | Spearman ×5 |
| 29:24 | Create | Spearman ×5 |
| 29:24 | Create | Spearman ×5 |
| 29:25 | Create | Spearman ×5 |
| 29:25 | Create | Spearman ×5 |
| 29:25 | Create | Spearman ×5 |
| 29:26 | Create | Spearman ×3 |
Build order — The R286
First 150 of 299 actions detected
| 6:57 | Research | Bodkin Arrow |
| 6:57 | Research | Leather Archer Armor |
| 6:58 | Research | Chain Barding Armor |
| 6:58 | Research | Chain Mail Armor |
| 6:59 | Research | Iron Casting |
| 8:43 | Build | Stable |
| 8:45 | Build | Stable |
| 8:46 | Build | Stable |
| 8:48 | Build | Stable |
| 8:58 | Build | Stable |
| 9:03 | Build | Archery Range |
| 9:05 | Build | Archery Range |
| 9:06 | Build | Archery Range |
| 9:08 | Build | Archery Range |
| 9:18 | Research | Ballistics |
| 9:18 | Research | Guard Tower (upgrade) |
| 10:13 | Research | Great Wall |
| 11:39 | Research | Bloodlines |
| 11:39 | Research | Husbandry |
| 11:41 | Create | Knight ×5 |
| 11:41 | Create | Knight ×5 |
| 11:42 | Create | Knight ×5 |
| 11:42 | Create | Knight ×5 |
| 11:43 | Create | Knight ×5 |
| 11:43 | Create | Knight ×5 |
| 11:43 | Create | Knight ×5 |
| 11:44 | Create | Knight ×5 |
| 11:44 | Create | Knight ×5 |
| 11:44 | Create | Knight ×5 |
| 11:45 | Create | Knight ×5 |
| 11:45 | Create | Knight ×5 |
| 11:54 | Research | Crossbowman (upgrade) |
| 11:55 | Create | Archer ×5 |
| 11:55 | Create | Archer ×5 |
| 11:55 | Create | Archer ×5 |
| 11:56 | Create | Archer ×5 |
| 11:56 | Create | Archer ×5 |
| 11:57 | Create | Archer ×5 |
| 11:57 | Create | Archer ×4 |
| 12:52 | Build | Stable |
| 12:55 | Build | Stable |
| 13:02 | Create | Knight ×5 |
| 13:03 | Create | Knight ×5 |
| 13:03 | Create | Knight ×5 |
| 13:27 | Create | Archer ×5 |
| 13:28 | Create | Archer ×5 |
| 13:28 | Create | Archer ×5 |
| 13:28 | Create | Archer ×5 |
| 13:29 | Create | Archer ×5 |
| 13:37 | Create | Knight ×5 |
| 13:37 | Create | Knight ×5 |
| 13:40 | Create | Knight ×3 |
| 13:41 | Create | Knight ×3 |
| 13:42 | Create | Knight ×2 |
| 13:42 | Create | Knight ×2 |
| 13:50 | Create | Knight |
| 13:50 | Create | Knight |
| 13:58 | Create | Knight ×5 |
| 13:58 | Create | Knight ×5 |
| 13:58 | Create | Knight ×5 |
| 13:59 | Create | Knight ×5 |
| 14:09 | Create | Knight |
| 14:09 | Create | Knight |
| 14:15 | Build | Stable |
| 14:21 | Build | Archery Range |
| 14:22 | Build | Archery Range |
| 14:26 | Build | Stable |
| 14:27 | Build | Stable |
| 14:29 | Build | Stable |
| 14:33 | Build | Archery Range |
| 14:45 | Create | Knight ×5 |
| 14:45 | Create | Knight ×3 |
| 14:49 | Create | Archer ×5 |
| 14:50 | Create | Archer ×4 |
| 15:07 | Research | Bracer |
| 15:08 | Research | Plate Barding Armor |
| 15:09 | Research | Plate Mail Armor |
| 15:10 | Research | Blast Furnace |
| 15:10 | Research | Ring Archer Armor |
| 15:12 | Research | Cavalier (upgrade) |
| 15:16 | Research | Arbalester (upgrade) |
| 15:24 | Research | Spies/Treason |
| 15:27 | Research | Elite Chu Ko Nu (upgrade) |
| 15:28 | Research | Conscription |
| 15:39 | Research | Keep (upgrade) |
| 15:40 | Research | Arrowslits |
| 15:41 | Research | Bombard Tower (upgrade) |
| 15:51 | Create | Knight ×5 |
| 15:53 | Create | Knight ×5 |
| 15:54 | Create | Knight ×5 |
| 15:54 | Create | Knight ×5 |
| 15:54 | Create | Knight ×5 |
| 15:55 | Create | Knight ×5 |
| 15:55 | Create | Knight ×5 |
| 15:55 | Create | Knight ×5 |
| 15:56 | Create | Knight ×5 |
| 15:56 | Create | Knight ×5 |
| 15:57 | Create | Knight ×5 |
| 15:59 | Create | Archer ×5 |
| 16:00 | Create | Archer ×5 |
| 16:00 | Create | Archer ×5 |
| 16:01 | Create | Archer ×5 |
| 16:01 | Create | Archer ×3 |
| 16:13 | Research | Rocketry |
| 17:07 | Create | Archer ×5 |
| 17:08 | Create | Archer ×4 |
| 17:08 | Create | Archer ×4 |
| 17:14 | Create | Knight ×5 |
| 17:14 | Create | Knight ×5 |
| 17:14 | Create | Knight ×5 |
| 17:15 | Create | Knight ×5 |
| 17:15 | Create | Knight ×5 |
| 17:15 | Create | Knight ×5 |
| 17:16 | Create | Knight ×5 |
| 17:16 | Create | Knight ×5 |
| 17:17 | Create | Knight ×5 |
| 17:17 | Create | Knight ×5 |
| 17:17 | Create | Knight ×5 |
| 17:18 | Create | Knight ×5 |
| 17:18 | Create | Knight ×2 |
| 17:48 | Create | Knight ×5 |
| 17:49 | Create | Knight ×5 |
| 17:49 | Create | Knight ×3 |
| 17:49 | Create | Knight ×3 |
| 17:52 | Create | Knight |
| 17:54 | Create | Knight ×2 |
| 17:54 | Create | Knight ×2 |
| 17:58 | Create | Archer ×5 |
| 17:58 | Create | Archer ×5 |
| 17:59 | Create | Archer ×5 |
| 17:59 | Create | Archer ×5 |
| 18:00 | Create | Archer ×5 |
| 18:00 | Create | Archer ×4 |
| 18:31 | Create | Knight ×5 |
| 18:32 | Create | Knight ×5 |
| 18:32 | Create | Knight ×5 |
| 18:32 | Create | Knight ×5 |
| 18:34 | Create | Archer ×5 |
| 18:35 | Create | Archer ×5 |
| 18:35 | Create | Archer ×5 |
| 18:35 | Create | Archer ×5 |
| 18:38 | Build | Stable |
| 18:40 | Build | Stable |
| 18:52 | Build | Stable |
| 18:54 | Build | Stable |
| 19:21 | Create | Knight ×5 |
| 19:22 | Create | Knight ×5 |
| 19:22 | Create | Knight ×5 |
| 19:23 | Create | Knight ×5 |
| 19:23 | Create | Knight ×5 |
Build order — Revontheus
First 150 of 206 actions detected
| 7:06 | Build | Stable |
| 7:08 | Build | Stable |
| 7:09 | Build | Stable |
| 7:10 | Build | Stable |
| 8:42 | Research | Bloodlines |
| 8:42 | Research | Bloodlines |
| 8:47 | Build | Archery Range |
| 8:48 | Build | Archery Range |
| 8:50 | Build | Archery Range |
| 8:51 | Build | Archery Range |
| 9:00 | Build | Stable |
| 9:01 | Build | Stable |
| 9:03 | Build | Stable |
| 9:05 | Build | Stable |
| 9:07 | Build | Stable |
| 9:09 | Build | Stable |
| 10:53 | Build | Stable |
| 10:55 | Build | Stable |
| 10:56 | Build | Stable |
| 15:53 | Research | Crossbowman (upgrade) |
| 15:58 | Research | Ballistics |
| 15:59 | Research | Guard Tower (upgrade) |
| 15:59 | Research | Tech 909 |
| 16:01 | Research | Leather Archer Armor |
| 16:02 | Research | Bodkin Arrow |
| 16:02 | Research | Chain Barding Armor |
| 16:03 | Research | Chain Mail Armor |
| 16:03 | Research | Iron Casting |
| 16:07 | Research | Husbandry |
| 16:07 | Research | Husbandry |
| 16:10 | Create | Knight ×5 |
| 16:10 | Create | Knight ×5 |
| 16:10 | Create | Knight ×5 |
| 16:10 | Create | Knight ×5 |
| 16:11 | Create | Knight ×5 |
| 16:11 | Create | Knight ×5 |
| 16:14 | Research | Tusk Swords |
| 16:14 | Research | Tusk Swords |
| 16:26 | Create | Knight ×5 |
| 16:26 | Create | Knight ×5 |
| 16:27 | Create | Knight ×5 |
| 16:35 | Create | Cavalry Archer ×5 |
| 16:35 | Create | Cavalry Archer ×5 |
| 16:35 | Create | Cavalry Archer ×5 |
| 16:35 | Create | Cavalry Archer ×5 |
| 18:08 | Create | Knight ×5 |
| 18:08 | Create | Knight ×5 |
| 18:09 | Create | Knight ×5 |
| 18:09 | Create | Knight ×5 |
| 18:09 | Create | Knight ×5 |
| 18:09 | Create | Knight ×5 |
| 18:38 | Create | Cavalry Archer ×5 |
| 18:38 | Create | Cavalry Archer ×5 |
| 18:39 | Create | Cavalry Archer ×5 |
| 18:39 | Create | Cavalry Archer ×5 |
| 19:00 | Build | Stable |
| 19:15 | Create | Knight ×5 |
| 19:15 | Create | Knight ×5 |
| 19:29 | Create | Cavalry Archer ×5 |
| 19:29 | Create | Cavalry Archer ×5 |
| 19:40 | Create | Knight ×5 |
| 19:41 | Create | Knight ×5 |
| 20:19 | Create | Knight ×5 |
| 20:20 | Create | Knight ×5 |
| 20:24 | Create | Cavalry Archer ×5 |
| 20:24 | Create | Cavalry Archer ×5 |
| 21:29 | Create | Knight ×5 |
| 21:29 | Create | Knight ×5 |
| 21:29 | Create | Knight ×5 |
| 21:30 | Create | Knight ×5 |
| 21:30 | Create | Knight ×5 |
| 21:30 | Create | Knight ×5 |
| 21:30 | Create | Knight ×5 |
| 21:31 | Create | Knight ×5 |
| 21:31 | Create | Knight ×5 |
| 21:31 | Create | Knight ×5 |
| 21:31 | Create | Knight ×5 |
| 21:32 | Create | Knight ×5 |
| 21:36 | Create | Cavalry Archer ×5 |
| 21:36 | Create | Cavalry Archer ×5 |
| 21:41 | Build | Archery Range |
| 21:42 | Build | Archery Range |
| 21:45 | Build | Stable |
| 21:47 | Build | Stable |
| 21:49 | Build | Stable |
| 21:50 | Build | Stable |
| 21:52 | Build | Stable |
| 21:53 | Build | Stable |
| 22:24 | Create | Knight ×5 |
| 22:24 | Create | Knight ×5 |
| 22:25 | Create | Knight ×5 |
| 22:25 | Create | Knight ×5 |
| 22:25 | Create | Knight ×5 |
| 22:25 | Create | Knight ×5 |
| 22:26 | Create | Knight ×5 |
| 22:35 | Create | Cavalry Archer ×5 |
| 22:35 | Create | Cavalry Archer ×5 |
| 22:36 | Create | Cavalry Archer ×5 |
| 22:36 | Create | Cavalry Archer ×5 |
| 22:57 | Create | Cavalry Archer ×5 |
| 22:57 | Create | Cavalry Archer ×5 |
| 23:34 | Create | Knight ×5 |
| 23:34 | Create | Knight ×5 |
| 23:35 | Create | Knight ×5 |
| 23:35 | Create | Knight ×5 |
| 23:35 | Create | Knight ×5 |
| 23:40 | Create | Cavalry Archer ×5 |
| 23:40 | Create | Cavalry Archer ×5 |
| 23:40 | Create | Cavalry Archer ×5 |
| 23:41 | Create | Cavalry Archer ×5 |
| 24:08 | Build | Stable |
| 24:10 | Build | Stable |
| 24:12 | Build | Stable |
| 24:14 | Build | Stable |
| 24:18 | Research | Conscription |
| 24:18 | Research | Conscription |
| 24:21 | Research | Elite Ballista Elephant (upgrade) |
| 24:24 | Research | Spies/Treason |
| 24:28 | Research | Elite Battle Elephant (upgrade) |
| 24:29 | Research | Cavalier (upgrade) |
| 24:39 | Research | Heavy Cavalry Archer (upgrade) |
| 24:39 | Research | Parthian Tactics |
| 24:40 | Research | Arbalester (upgrade) |
| 24:44 | Research | Plate Barding Armor |
| 24:45 | Research | Bracer |
| 24:46 | Research | Blast Furnace |
| 24:47 | Research | Ring Archer Armor |
| 24:49 | Research | Keep (upgrade) |
| 24:50 | Research | Careening |
| 24:52 | Research | Siege Engineers |
| 25:38 | Create | Knight ×5 |
| 25:39 | Create | Knight ×5 |
| 25:39 | Create | Knight ×5 |
| 25:39 | Create | Knight ×5 |
| 25:39 | Create | Knight ×5 |
| 25:40 | Create | Knight ×5 |
| 25:40 | Create | Knight ×5 |
| 25:40 | Create | Knight ×5 |
| 25:40 | Create | Knight ×5 |
| 26:07 | Create | Battle Elephant ×5 |
| 26:08 | Create | Battle Elephant ×5 |
| 26:08 | Create | Battle Elephant ×5 |
| 26:08 | Create | Battle Elephant ×5 |
| 26:08 | Create | Battle Elephant ×5 |
| 26:08 | Create | Battle Elephant ×5 |
| 26:09 | Create | Battle Elephant ×5 |
| 26:09 | Create | Battle Elephant ×5 |
| 26:09 | Create | Battle Elephant ×5 |
| 26:09 | Create | Battle Elephant ×5 |
| 26:38 | Create | Battle Elephant ×5 |
Build order — I don't give a fúck
10 actions detected in the replay
| 20:22 | Research | Bodkin Arrow |
| 20:24 | Research | Chain Barding Armor |
| 20:24 | Research | Chain Mail Armor |
| 20:24 | Research | Leather Archer Armor |
| 20:27 | Research | Ballistics |
| 20:28 | Research | Treadmill Crane |
| 20:29 | Research | Guard Tower (upgrade) |
| 20:29 | Research | Tech 909 |
| 20:30 | Research | Tech 908 |
| 20:30 | Research | Careening |
Match timeline
| 4:26 | Ozarus · first_building Archery Range |
| 7:06 | Revontheus · first_building Stable |
| 8:43 | The R286 · first_building Stable |
| 8:47 | Revontheus · first_building Archery Range |
| 9:03 | The R286 · first_building Archery Range |
| 12:24 | Burberry · first_building Stable |
| 12:32 | Burberry · first_building Archery Range |
| 13:24 | MozartMI7 · first_building Barracks |
| 14:27 | Ozarus · first_building Stable |
| 18:06 | Ozarus · first_building Barracks |
| 18:58 | Julaz · first_building Barracks |
| 19:12 | Julaz · wall_segment Stone Wall x5 |
| 19:15 | Julaz · wall_segment Stone Wall x6 |
| 22:38 | Julaz · wall_segment Stone Wall x1 |
| 26:46 | Revontheus · first_building Monastery |
| 30:04 | Ozarus · resign |
[ AI ANALYSIS · 1 CREDIT ]
What really happened in this match?
Wolo.gg analyzes every decision: build order, eco, micro, common mistakes by bracket. Personalized analysis on WhatsApp or Discord in 30 seconds.
Civ guide
Slavs
Map guide
CBA_=REQUIEM=_V292 (Scenario)
Perfil
MozartMI7